 Adventure DCSS version bcrawl-1.27.3 (webtiles) character file.

Game seed: 16314914332017179747

128511 galech the Shield-Bearer (level 4, 35/35 HPs)
             Began as a Demonspawn Fighter on Sept 21, 2020.
             Quit the game on level 3 of the Dungeon.
             The game lasted 00:01:42 (1611 turns).

galech the Shield-Bearer (Demonspawn Fighter)       Turns: 1611, Time: 00:01:43

Health: 35/35      AC:  6    Str: 17    XL:     4   Next: 3%
Magic:  4/4        EV:  5    Int: 10    God:
Gold:   211        SH:  9    Dex: 12    Spells: 3/3 levels left
                                        Lives:  1   Deaths: 1

rFire    . . .     SeeInvis .   a - +0 war axe
rCold    . . .     Gourm    .   c - +0 medium shield
rNeg     . . .     Faith    .   b - +0 scale mail
rPois    +         Spirit   .   (no helmet)
rElec    .         Reflect  .   (no cloak)
rCorr    .         Harm     .   (no gloves)
MR       .....                  (no boots)
Stlth    ..........             (no amulet)
HPRegen  0.11/turn              i - ring of poison resistance
MPRegen  0.09/turn              (no ring)

@: no status effects
A: talons 1, sanguine armour 1
a: no special abilities


You were on level 3 of the Dungeon.
You were not hungry.

You visited 1 branch of the dungeon, and saw 3 of its levels.

You collected 211 gold pieces.

Inventory:

Hand Weapons
 a - a +0 war axe (weapon)
Armour
 b - a +0 scale mail (worn)
 c - a +0 medium shield (worn)
Jewellery
 i - a ring of poison resistance (left hand)
Wands
 m - a wand of paralysis (6)
Scrolls
 f - a scroll of enchant weapon {unknown}
 g - 4 scrolls of identify
 k - 2 scrolls of remove curse {unknown}
 l - 2 scrolls of fear {unknown}
Potions
 d - a potion of might
 h - a potion of curing {unknown}
 j - 2 potions of brilliance {unknown}
Comestibles
 e - 5 rations {!d}


   Skills:
 + Level 3.4 Fighting
 + Level 2.9 Axes
 + Level 3.4 Armour
 + Level 0.5 Dodging
 + Level 3.6 Shields


You had 3 spell levels left.
You didn't know any spells.
Your spell library was empty.

Dungeon Overview and Level Annotations

Branches:
Dungeon (3/12)

Altars:
Nemelex Xobeh


Innate Abilities, Weirdness & Mutations

You have sharp toenails.
When seriously injured, your bleeding wounds create armour. (AC +0)


Message History

You hit the orc priest but do no damage.
The orc priest is moderately wounded.
You barely miss the orc priest.
The orc priest is moderately wounded.
The orc priest mumbles some strange prayers to Beogh against you.
You barely resist. You slash the orc priest!
The orc priest is almost dead.
You block the orc priest's attack. x2
Your shield prevents you from hitting the orc priest.
The orc priest is almost dead.
The orc priest barely misses you.
The orc priest invokes the aid of Beogh against you.
Beogh smites you!
You die...
Xom reaches out...
You are now level 4!
You rejoin the land of the living...
Found a stone staircase leading down.
Are you sure you want to abandon this character and quit the game? (Confirm with "yes".) ############### .....>.@....... ###############

There were no monsters in sight!

Vanquished Creatures
  An ogre (D:3)
  2 worms (D:2)
  4 dart slugs
  2 leopard geckos
  An orc (D:3)
  7 bats
  A giant cockroach (D:2)
  A goblin (D:2)
  3 hobgoblins
  7 kobolds
  A quokka (D:2)
  A ball python (D:2)
  2 frilled lizards (D:1)
  11 rats
44 creatures vanquished.

Notes
Turn   | Place    | Note
-------+----------+-------------------------------------------
     0 | D:1      | galech the Demonspawn Fighter began the quest for the Orb.
     0 | D:1      | Reached XP level 1. HP: 18/18 MP: 1/1
   154 | D:1      | Gained mutation: You have sharp toenails. [demonic
                  | ancestry]
   154 | D:1      | Reached XP level 2. HP: 23/24 MP: 2/2
   523 | D:1      | Found a sparkling altar of Nemelex Xobeh.
   733 | D:2      | Gained mutation: When seriously injured, your bleeding
                  | wounds create armour. (AC +0) [demonic ancestry]
   733 | D:2      | Reached XP level 3. HP: 29/29 MP: 3/3
  1455 | D:3      | Noticed an ogre
  1462 | D:3      | Killed an ogre
  1462 | D:3      | Reached XP level 4. HP: 9/35 MP: 4/4
  1462 | D:3      | Reached XP level 5. HP: 11/41 MP: 5/5
  1610 | D:3      | Killed from afar by an orc priest
  1611 | D:3      | Reached XP level 4. HP: -5/35 MP: 4/4
  1611 | D:3      | Quit the game

Skill      XL: |  1  2  3 |
---------------+----------+-----
Axes           | 2 |  2.9
Shields        | 3 |  3.6
Armour         | 3 |  3.4
Fighting       | |  3.4
Dodging        | |  0.5

Action                   |  1- 3 |  4- 6 || total
-------------------------+-------+-------++-------
Melee: War axe           |   103 |    14 ||   117
       Kick              |    23 |     5 ||    28
  Use: Potion            |     1 |       ||     1
  Eat: Chunk             |     5 |       ||     5
Armor: Scale mail        |    70 |     5 ||    75
Dodge: Dodged            |    18 |     2 ||    20
Block: Medium shield     |    71 |     6 ||    77
